 Dungeon Crawl Stone Soup version 0.21.1-1-g345015f (webtiles) character file.

100 theblackcape the Insei (level 4, 0/38 HPs)
             Began as a Naga Transmuter on July 9, 2018.
             Slain by an adder (4 damage)
             ... on level 3 of the Dungeon.
             The game lasted 00:06:09 (2307 turns).

theblackcape the Insei (Naga Transmuter)            Turns: 2307, Time: 00:06:10

Health: 0/38       AC:  4    Str: 12    XL:     4   Next: 74%
Magic:  7/7        EV: 10    Int: 14    God:
Gold:   202        SH:  0    Dex: 12    Spells: 4/7 levels left

rFire    . . .     SeeInvis +     - Unarmed
rCold    . . .     Gourm    .   (no shield)
rNeg     . . .     Faith    .   b - +0 robe
rPois    +         Spirit   .   (no helmet)
rElec    .         Reflect  .   m - +1 cloak
rCorr    .         Harm     .   (no gloves)
MR       .....                  (no barding)
Stlth    +.........             (no amulet)
HPRegen  0.12/turn              (no ring)
MPRegen  0.10/turn              (no ring)

@: very slow
A: large, see invisible, deformed body, poison resistance, slowness 2, slow
metabolism 1, spit poison 1, AC +1
a: Spit Poison


You were on level 3 of the Dungeon.
You were not hungry.

You visited 1 branch of the dungeon, and saw 3 of its levels.

You collected 202 gold pieces.

Inventory:

Missiles
 a - 48 arrows
Armour
 b - a +0 robe (worn)
 m - a +1 cloak (worn)
Scrolls
 g - 3 scrolls of enchant armour
 j - 2 scrolls of identify
 k - 2 scrolls of magic mapping
 p - a scroll of remove curse {unknown}
Potions
 e - 2 potions of mutation {unknown}
 f - 2 potions of heal wounds {unknown}
 h - 2 potions of degeneration {unknown}
 i - 2 potions of might {unknown}
 n - a potion of flight {unknown}
 o - a potion of lignification {unknown}
Books
 c - a book of Changes

   Spells                             Type                      Level
   a - Beastly Appendage              Transmutation                1
   b - Sticks to Snakes               Transmutation                2
   c - Spider Form                    Transmutation/Poison         3
   d - Ice Form                       Ice/Transmutation            4
   e - Blade Hands                    Transmutation                5
Comestibles
 d - 4 rations
 l - 5 chunks of flesh


   Skills:
 + Level 1.1 Fighting
 + Level 2.0 Dodging
 * Level 4.4 Unarmed Combat
 + Level 2.1 Spellcasting
 * Level 2.8 Transmutations


You had 4 spell levels left.
You knew the following spells:

 Your Spells              Type           Power        Failure   Level  Hunger
a - Beastly Appendage     Tmut           #.....       8%          1    #......
b - Sticks to Snakes      Tmut           #.......     11%         2    ###....


Dungeon Overview and Level Annotations

Branches:
Dungeon (3/15)

Altars:
Vehumet


Innate Abilities, Weirdness & Mutations

You cannot wear boots.
Your serpentine skin is tough. (AC +1)
You have supernaturally acute eyesight. (SInv)
Armour fits poorly on your strangely shaped body.
Your system is resistant to poisons. (rPois)
You cover ground very slowly.
You have a slow metabolism.
You can spit poison.


Message History

As you read the scroll labeled UQIMMU PEUTOXO, it crumbles to dust.
It is a scroll of identify.
k - 2 scrolls of magic mapping The leopard gecko closely misses you.
The orc hits you but does no damage. The leopard gecko bites you. x2
* * * LOW HITPOINT WARNING * * *
The leopard gecko bites you.
* * * LOW HITPOINT WARNING * * *
The leopard gecko misses you.
Your horns disappear.
The leopard gecko barely misses you. The leopard gecko bites you.
* * * LOW HITPOINT WARNING * * *
The adder barely misses you. The leopard gecko bites you.
* * * LOW HITPOINT WARNING * * *
The adder bites you but does no damage. The adder bites you but does no damage.
The leopard gecko barely misses you. The adder bites you.
You die...

.# ..............# .#.
#####...##...# # .##
#.#####..# # ..# #.#
#..# ###.# ##.#####o.#
....# ##..#......###
.#..#####..#..##oo...#
.......#..##.###Sl...#
###......###.# #@†...#
#.##..## #.# #.....#
###.###.####.# #.)...#
....# #.).##.# #.....#
##### ###.##.# #.....#
#.##.# #.....#
#.#..###.....#
#.#.#....##### #####
#.......##


You could see an orc priest, an adder, 2 orcs and a leopard gecko.

Vanquished Creatures
  2 adders
  2 oozes (D:1)
  A worm (D:2)
  2 dart slugs
  A leopard gecko (D:2)
  4 orcs (D:3)
  2 giant cockroaches (D:1)
  6 goblins
  7 hobgoblins
  7 jackals
  A quokka (D:2)
  7 bats
  A frilled lizard (D:1)
  6 kobolds
  11 rats
60 creatures vanquished.

Notes
Turn   | Place    | Note
-------+----------+-------------------------------------------
     0 | D:1      | theblackcape the Naga Transmuter began the quest for the Orb.
     0 | D:1      | Reached XP level 1. HP: 18/18 MP: 3/3
   385 | D:1      | Reached XP level 2. HP: 25/25 MP: 3/5
   587 | D:1      | Reached XP level 3. HP: 8/31 MP: 4/6
  1017 | D:1      | Reached skill level 4 in Unarmed Combat
  1299 | D:2      | Learned a level 2 spell: Sticks to Snakes
  1485 | D:2      | Found a radiant altar of Vehumet.
  1671 | D:2      | Reached XP level 4. HP: 32/38 MP: 5/7
  2307 | D:3      | Slain by an adder

Skill      XL: |  1  2  3  4 |
---------------+-------------+-----
Unarmed Combat | 4 |  4.4
Dodging        | 2 |  2.0
Fighting       | |  1.1
Spellcasting   | |  2.1
Transmutations | |  2.8

Action                   |  1- 3 |  4- 6 || total
-------------------------+-------+-------++-------
Melee: Unarmed           |   133 |    66 ||   199
       Headbutt          |     7 |     9 ||    16
       Punch             |     3 |     1 ||     4
Throw: Throwing net      |     1 |       ||     1
 Cast: Beastly Appendage |    19 |    10 ||    29
       Sticks to Snakes  |     1 |       ||     1
 Abil: Spit Poison       |     4 |       ||     4
  Use: Scroll            |       |     2 ||     2
  Eat: Chunk             |     2 |     2 ||     4
Armor: Robe              |    24 |    30 ||    54
Dodge: Dodged            |    57 |    71 ||   128
